 Dungeon Crawl Stone Soup version 0.20.0-15-g7f486f2 (webtiles) character file.

4971 Gargoyl the Cleaver (level 10, -4/83 HPs)
             Began as a Red Draconian Abyssal Knight on June 15, 2017.
             Was a High Priest of Lugonu.
             Slain by Snorg (10 damage)
             ... on level 10 of the Dungeon.
             The game lasted 00:22:06 (9794 turns).

Gargoyl the Cleaver (Red Draconian Abyssal Knight)  Turns: 9794, Time: 00:22:08

Health: -4/83      AC:  8    Str: 17    XL:     10   Next: 28%
Magic:  15/15      EV: 16    Int: 13    God:    Lugonu [*****.]
Gold:   174        SH:  0    Dex: 15    Spells: 16/16 levels left

rFire    + . .     SeeInvis .   G - +3 broad axe (freeze)
rCold    + . .     Gourm    .   (no shield)
rNeg     . . .     Faith    .   (armour unavailable)
rPois    .         Spirit   .   (helmet restricted)
rElec    .         Reflect  .   (no cloak)
rCorr    .         Harm     .   (no gloves)
MR       +....     Rnd*Rage +   p - +0 pair of boots
Stlth    +++.......             (no amulet)
Regen    0.3/turn               h - +4 ring of slaying
MPRegen  0.2/turn               E - ring of Ficzug {rC+ MR+ Str+2}

@: drained
A: breathe fire, unfitting armour, agile 1, berserk 1, fire resistance 1, wild
magic 1, cold-blooded, AC +7
a: Breathe Fire, Depart the Abyss, Bend Space, Banish, Corrupt, Enter the Abyss,
Renounce Religion


You were on level 10 of the Dungeon.
You worshipped Lugonu.
Lugonu was extremely pleased with you.
You were hungry.

You visited 1 branch of the dungeon, and saw 10 of its levels.
You visited the Abyss 1 time.
You also visited: Ossuary.

You collected 440 gold pieces.
You spent 266 gold pieces at shops.

Inventory:

Hand Weapons
 a - a +2 hand axe
 G - a +3 broad axe of freezing (weapon)
Missiles
 r - 9 tomahawks (quivered)
 s - 2 tomahawks of returning
Armour
 p - a +0 pair of boots (worn)
Jewellery
 g - an uncursed ring of protection from magic
 h - a +4 ring of slaying (left hand)
 q - an uncursed ring of positive energy
 A - an uncursed ring of poison resistance
 E - the ring of Ficzug (right hand) {rC+ MR+ Str+2}
   (You found it on level 6 of the Dungeon)

   [ring of protection from cold]

   It affects your strength (+2).
   It protects you from cold.
   It affects your resistance to hostile enchantments.
 F - an uncursed ring of resist corrosion
 L - an uncursed ring of see invisible
 N - an uncursed ring of protection from fire {unknown}
Wands
 c - a wand of paralysis (24/24)
 I - a wand of polymorph (6/24)
 K - a wand of confusion (6/48)
 O - a wand of flame (19/48)
Scrolls
 d - 3 scrolls of blinking
 e - 7 scrolls of teleportation
 k - 2 scrolls of magic mapping
 l - 5 scrolls of remove curse
 m - 2 scrolls of identify
 o - a scroll of fear
Potions
 i - 3 potions of resistance
 j - 3 potions of cancellation
 n - 3 potions of haste
 t - 5 potions of might {unknown}
 u - a potion of invisibility {unknown}
 w - a potion of brilliance {unknown}
 x - 3 potions of lignification {unknown}
 z - 4 potions of magic
 B - 2 potions of agility
 C - 2 potions of curing
 H - a potion of flight {unknown}
 J - a potion of heal wounds {unknown}
Books
 v - a book of Maledictions

   Spells                             Type                      Level
   a - Corona                         Hexes                        1
   b - Ensorcelled Hibernation        Hexes/Ice                    2
   c - Confuse                        Hexes                        3
   d - Tukima's Dance                 Hexes                        3
   e - Dazzling Spray                 Conjuration/Hexes            3
 y - a book of Geomancy

   Spells                             Type                      Level
   a - Sandblast                      Earth                        1
   b - Passwall                       Transmutation/Earth          2
   c - Stone Arrow                    Conjuration/Earth            3
   d - Petrify                        Transmutation/Earth          4
   e - Lee's Rapid Deconstruction     Earth                        5
 D - a book of Cantrips

   Spells                             Type                      Level
   a - Confusing Touch                Hexes                        1
   b - Animate Skeleton               Necromancy                   1
   c - Summon Small Mammal            Summoning                    1
   d - Apportation                    Translocation                1
Comestibles
 b - 9 bread rations
 f - 5 meat rations
 M - 4 chunks of flesh
 P - a royal jelly


   Skills:
 + Level 6.2(6.1) Fighting
 + Level 8.2(8.1) Axes
 + Level 0.3 Throwing
 * Level 6.7(6.6) Dodging
 * Level 4.7(4.6) Stealth
 * Level 5.1 Unarmed Combat
 * Level 3.9 Spellcasting
 * Level 5.7 Invocations


You had 16 spell levels left.
You didn't know any spells.

Dungeon Overview and Level Annotations

Branches:
Dungeon (10/15)            Temple (0/1) D:7
   Lair: D:8-11         Orc: D:9-12

Altars:
Ashenzari
Cheibriados
Dithmenos
Elyvilon
Fedhas
Gozag
Nemelex Xobeh
Okawaru
Qazlal
Sif Muna
Trog
Vehumet
Xom
Zin
The Shining One

Shops:
D:7 (   D:8 (

Annotations:
D:10 Snorg
Abyss:1 Menkaure


Innate Abilities, Weirdness & Mutations

You can breathe blasts of fire.
Your fiery red scales are hard. (AC +7)
You cannot fit into any form of body armour.
Your flesh is heat resistant. (rF+)
You are cold-blooded and may be slowed by cold attacks.
You are agile. (Dex +2)
You tend to lose your temper in combat.
Your spells are a little harder to cast, but a little more powerful.


Message History

The shadow imp closely misses you.
Unknown command.
You hit the shadow imp.
You kill the shadow imp!
Lugonu accepts your kill.
You hit Snorg. You freeze Snorg. Snorg completely misses you.
Snorg barely misses you. Snorg claws you but does no damage.
A porcupine comes into view.
Unknown command.
You barely miss Snorg.
Snorg is lightly wounded.
Snorg closely misses you. Snorg claws you. Snorg claws you but does no damage.
You hit Snorg. You freeze Snorg. You tail-slap Snorg.
Snorg is moderately wounded.
Snorg bites you!! Snorg claws you but does no damage. Snorg claws you!
* * * LOW HITPOINT WARNING * * *
Snorg completely misses you. Snorg claws you!
* * * LOW HITPOINT WARNING * * *
Snorg claws you!
You die...

..#...#......# ......
..#...#......# .....
..#...#......# ....
..##..###...#########..#
'###..######...........#
...................#...#
.............#.....#...#
.............#.....'...#
.............#..@..#...#
.............#.T...#...#
.............#.....#...+
+#############.(...#..##
..............(..r##..#
..................#(...
..........>.......#....
...............(..#
..................#


You could see Snorg and a porcupine.

Vanquished Creatures
  A two-headed ogre (D:8)
  Prince Ribbit (D:8)
  A hippogriff (D:8)
  A yak (D:10)
  A hungry ghost (D:9)
  Duvessa (D:7)
  An orc warrior (D:5)
  A sky beast (D:9)
  2 phantoms
  A black bear (D:8)
  5 ogres
  A necrophage (D:10)
  4 centaurs
  3 big kobolds
  A wyvern zombie (D:8)
  Dowan (D:7)
  2 scorpions
  3 killer bees (D:8)
  2 howler monkeys
  3 wights (D:8)
  2 centaur zombies
  2 crimson imps
  4 jellies
  2 bullfrog zombies
  3 hounds (D:5)
  An orc priest (D:4)
  4 orc wizards
  2 iguanas (D:9)
  9 worker ants
  2 killer bee zombies
  3 hound zombies
  A hound skeleton (D:5)
  17 mummies (Ossuary)
  A howler monkey zombie (D:8)
  4 adders
  3 gnolls
  3 shadow imps
  4 oozes
  5 adder zombies
  4 worms
  7 dart slugs
  5 leopard geckos
  23 orcs
  A ball python (D:2)
  2 giant cockroaches
  5 hobgoblins
  8 jackals
  7 quokkas
  8 bats
  4 frilled lizards
  11 goblins
  A hobgoblin zombie (D:6)
  A jackal skeleton (D:4)
  19 kobolds
  4 leopard gecko zombies
  5 quokka zombies (Ossuary)
  10 rats
233 creatures vanquished.

Vanquished Creatures (others)
  A wight (D:8)
  An orc wizard (D:7)
  9 fungi (D:10)
  4 plants (D:10)
  A withered plant (Ossuary)
16 creatures vanquished.

Grand Total: 249 creatures vanquished

Notes
Turn   | Place    | Note
-------+----------+-------------------------------------------
     0 | Abyss:1  | Gargoyl the Draconian Abyssal Knight began the quest for the Orb.
     0 | Abyss:1  | Reached XP level 1. HP: 19/19 MP: 2/2
     2 | Abyss:1  | Found a corrupted altar of Lugonu.
     5 | Abyss:1  | Found a corrupted altar of Lugonu.
    26 | Abyss:1  | Noticed a starcursed mass
    54 | Abyss:3  | Noticed an Executioner
   103 | Abyss:3  | Noticed an ancient zyme
   104 | D:1      | Escaped the Abyss
   270 | D:1      | Reached XP level 2. HP: 26/26 MP: 3/3
   334 | D:1      | Reached * piety under Lugonu
   785 | D:2      | Reached XP level 3. HP: 26/31 MP: 4/4
   786 | D:2      | Reached skill level 1 in Unarmed Combat
   984 | D:2      | Found a shadowy altar of Dithmenos.
  1290 | D:2      | Found a blossoming altar of Fedhas.
  1433 | D:2      | Found a glowing silver altar of Zin.
  1692 | D:3      | Reached XP level 4. HP: 37/40 MP: 5/5
  1700 | D:3      | Reached ** piety under Lugonu
  1857 | D:3      | Found a sparkling altar of Nemelex Xobeh.
  2470 | D:3      | Reached skill level 1 in Stealth
  2925 | D:4      | Reached XP level 5. HP: 46/46 MP: 6/6
  2943 | D:4      | Reached skill level 3 in Axes
  2943 | D:4      | Reached skill level 1 in Spellcasting
  3033 | D:4      | Found a stormy altar of Qazlal.
  3104 | D:4      | Found a shattered altar of Ashenzari.
  3290 | D:4      | Reached XP level 6. HP: 12/52 MP: 8/8
  3813 | D:4      | Reached *** piety under Lugonu
  4017 | D:4      | Noticed Menkaure
  4019 | D:4      | Banished Menkaure
  4027 | D:4      | Your scales start taking on a fiery red colour.
  4027 | D:4      | Reached XP level 7. HP: 51/60 MP: 5/9
  4027 | D:4      | Gained mutation: Your flesh is heat resistant. (rF+) [Red Draconian growth]
  4195 | D:4      | Found a deep blue altar of Sif Muna.
  4341 | D:4      | Found an iron altar of Okawaru.
  4342 | D:4      | Found a snail-covered altar of Cheibriados.
  4384 | D:5      | Entered Level 5 of the Dungeon
  4384 | D:5      | Found a white marble altar of Elyvilon.
  4394 | D:5      | Reached skill level 4 in Axes
  4864 | D:5      | Found a glowing golden altar of the Shining One.
  4864 | D:5      | Found a radiant altar of Vehumet.
  4865 | D:5      | Found a shattered altar of Ashenzari.
  4909 | D:5      | Found a shimmering altar of Xom.
  5191 | D:5      | Found a bloodstained altar of Trog.
  5380 | D:5      | Reached XP level 8. HP: 24/67 MP: 11/11
  5658 | D:5      | Reached skill level 5 in Dodging
  5918 | D:6      | Found a sand-covered staircase.
  5925 | D:6      | Reached skill level 5 in Fighting
  5937 | Ossuary  | Entered an ossuary
  5984 | Ossuary  | Reached skill level 5 in Axes
  5986 | Ossuary  | Reached **** piety under Lugonu
  6597 | D:6      | Got a shimmering ivory ring
  6697 | D:6      | Identified the ring of Ficzug {rC+ MR+ Str+2} (You found it on level 6 of the Dungeon)
  6714 | D:6      | Found a radiant altar of Vehumet.
  6953 | D:7      | Found Oqoelatann's Weapon Shop.
  6956 | D:7      | Bought a +3 broad axe of freezing for 266 gold pieces
  6973 | D:7      | Noticed Dowan
  6991 | D:7      | Found a staircase to the Ecumenical Temple.
  7054 | D:7      | Noticed Duvessa
  7078 | D:7      | Killed Duvessa
  7088 | D:7      | Killed Dowan
  7283 | D:7      | Found an opulent altar of Gozag.
  7310 | D:7      | Reached skill level 6 in Axes
  7310 | D:7      | Reached XP level 9. HP: 74/74 MP: 13/13
  7463 | D:7      | Got an iridescent flail
  7720 | D:8      | Reached ***** piety under Lugonu
  7720 | D:8      | Reached skill level 5 in Invocations
  8020 | D:8      | Noticed Prince Ribbit
  8027 | D:8      | Killed Prince Ribbit
  8032 | D:8      | Reached skill level 7 in Axes
  8055 | D:8      | Identified the +9 flail of Descent {crush, *Drain Str+7 Dex+4} (You found it on level 7 of the Dungeon)
  8171 | D:8      | Noticed a two-headed ogre
  8176 | D:8      | Killed a two-headed ogre
  8185 | D:8      | Found Doroh's Antique Weapon Shop.
  8539 | D:8      | Gained mutation: Your muscles are strong. (Str +2) [potion of mutation]
  8539 | D:8      | Gained mutation: You evolve. [potion of mutation]
  8540 | D:8      | Lost mutation: You evolve. [potion of mutation]
  8540 | D:8      | Lost mutation: Your muscles are strong. (Str +2) [potion of mutation]
  8540 | D:8      | Gained mutation: Your tail ends in a poisonous barb. [potion of mutation]
  8540 | D:8      | Gained mutation: You have an increased reservoir of magic. (+10% MP) [potion of mutation]
  8541 | D:8      | Lost mutation: Your tail ends in a poisonous barb. [potion of mutation]
  8541 | D:8      | Lost mutation: You have an increased reservoir of magic. (+10% MP) [potion of mutation]
  8541 | D:8      | Gained mutation: You tend to lose your temper in combat. [potion of mutation]
  8541 | D:8      | Gained mutation: Your spells are a little harder to cast, but a little more powerful. [potion of mutation]
  8541 | D:8      | Gained mutation: You are agile. (Dex +2) [potion of mutation]
  8791 | D:8      | Reached XP level 10. HP: 83/83 MP: 15/15
  8872 | D:8      | Reached skill level 5 in Unarmed Combat
  9462 | D:9      | Reached skill level 8 in Axes
  9682 | D:10     | Entered Level 10 of the Dungeon
  9784 | D:10     | Noticed Snorg
  9794 | D:10     | Slain by Snorg

Skill      XL: |  1  2  3  4  5  6  7  8  9 10 |
---------------+-------------------------------+-----
Unarmed Combat | 1 2 3 4 5 |  5.1
Dodging        | 3 4 5 6 |  6.7
Fighting       | 4 5 6 |  6.2
Stealth        | 1 2 3 4 |  4.7
Axes           | 3 4 6 7 8 |  8.2
Spellcasting   | 1 2 3 |  3.9
Invocations    | 3 4 5 |  5.7
Throwing       | |  0.3

Action                   |  1- 3 |  4- 6 |  7- 9 | 10-12 || total
-------------------------+-------+-------+-------+-------++-------
Melee: Hand axe          |   110 |   142 |   198 |       ||   450
       Tailslap          |    10 |    16 |    30 |     9 ||    65
       Punch             |       |     3 |     1 |     2 ||     6
       Broad axe         |       |       |    81 |    64 ||   145
Throw: Tomahawk          |       |       |     6 |     4 ||    10
Invok: Depart the Abyss  |     1 |       |       |       ||     1
       Banish            |       |     1 |     1 |       ||     2
 Abil: Breathe Fire      |       |       |    25 |     1 ||    26
  Use: Scroll            |     7 |     3 |    13 |       ||    23
       Potion            |       |       |     3 |       ||     3
 Stab: Sleeping          |     1 |       |     2 |     4 ||     7
       Distracted        |       |       |     2 |       ||     2
  Eat: Chunk             |     2 |     8 |     9 |     1 ||    20
       Bread ration      |       |       |     2 |       ||     2
       Royal jelly       |       |       |     1 |       ||     1
       Meat ration       |       |       |       |     1 ||     1
Armor: Skin              |    31 |    41 |    61 |    19 ||   152
Dodge: Dodged            |    84 |   116 |   245 |    69 ||   514
